 Dungeon Crawl Stone Soup version 0.15.2 (webtiles) character file.

51 ztt the Grave Robber (level 3, -4/24 HPs)
             Began as a Vampire Necromancer on Nov 7, 2014.
             Killed from afar by Ijyb (8 damage)
             ... with a wand of magic darts
             ... on Level 2 of the Dungeon.
             The game lasted 00:02:41 (1178 turns).

ztt the Grave Robber (Vampire Necromancer)          Turns: 1178, Time: 00:02:41

HP  -4/24        AC  3     Str  8      XL: 3   Next: 57%
MP   5/6         EV 12     Int 17      God:
Gold 35          SH  0     Dex 14      Spells:  2 memorised,  2 levels left

rFire  . . .     SeeInvis +     i - +0 short sword
rCold  + . .     Clarity  .     a - +0 robe
rNeg   + + .     rCorr    .     (no shield)
rPois  +         rRot     +     g - +0 helmet
rElec  .         Spirit   .     (no cloak)
SustAb .         Warding  .     (no gloves)
rMut   .         Stasis   .     (no boots)
Gourm  .                        (no amulet)
MR     .....                    (no ring)
                                (no ring)

@: regenerating slowly, not resistant to hostile enchantments, fairly stealthy
A: fangs 3, see invisible, unbreathing
a: Bat Form


You were on level 2 of the Dungeon.
You were thirsty.

You visited 1 branch of the dungeon, and saw 2 of its levels.

You collected 35 gold pieces.

Inventory:

Hand weapons
 i - a +0 short sword (weapon)
Missiles
 h - 4 stones (quivered)
Armour
 a - a +0 robe (worn)
 g - a +0 helmet (worn)
Scrolls
 d - a scroll of fog {unknown}
 j - a scroll of remove curse {unknown}
 k - a scroll of fear {unknown}
Potions
 c - a potion of blood
 e - a potion of curing {unknown}
 f - a potion of heal wounds {unknown}
Books
 b - a book of Necromancy

   Spells                             Type                      Level
   *Pain                              Necromancy                   1
   Animate Skeleton                   Necromancy                   1
   *Vampiric Draining                 Necromancy                   3
   Regeneration                       Charms/Necromancy            3
   Animate Dead                       Necromancy                   4
   Control Undead                     Necromancy                   4


   Skills:
 + Level 0.1 Fighting
 + Level 0.2 Short Blades
 + Level 2.2 Dodging
 * Level 3.1 Stealth
 + Level 2.3 Spellcasting
 + Level 5.4 Necromancy


You had 2 spell levels left.
You knew the following spells:

 Your Spells              Type           Power        Failure   Level  Hunger
a - Pain                  Necr           ###.         1%          1    #......
b - Vampiric Draining     Necr           ###.......   8%          3    ###....


Dungeon Overview and Level Annotations

Branches:
Dungeon (2/15)

Altars:
Ashenzari

Annotations:
D:2 Ijyb


Innate Abilities, Weirdness & Mutations

You heal slowly.
You have razor-sharp teeth.
You have supernaturally acute eyesight.
You can survive without breathing.


Message History

You hit the quokka.
You kill the quokka!
Ijyb the Twisted Goblin comes into view.
Ijyb is nearby!
Ijyb is nearby!
You see here a lumpy purple potion.
Ijyb zaps a wand.
The magic dart hits you!
Ijyb zaps a wand.
The magic dart hits you! Ijyb barely misses you.
You hit Ijyb but do no damage. Ijyb barely misses you.
You closely miss Ijyb.
Ijyb zaps a wand.
The magic dart hits you!
* * * LOW HITPOINT WARNING * * *
You are too injured to fight recklessly!
Casting: Pain
Confirm with . or Enter, or press ? or * to list all spells.
Aiming: Pain
Press: ? - help, Shift-Dir - straight line, f - Ijyb
Aim: Ijyb wearing a ring mail and carrying a wand of magic darts {zapped: 3} Ijyb convulses in agony!
Ijyb zaps a wand.
The magic dart hits you!
You die...

#. #####.#####.
#........... ###
#%##........ ..#
#.#....>.... #.#
#.#......... #.#
#.#..###....
#.#.###.####.#..####.##
#....g@..!........##.#
#...##########...#.#.##
#. ..........###....
#########.#...##
#########.#.###
............)..
########.##)##.
#.##.##. #.##.###


You could see Ijyb.

Vanquished Creatures
  An adder (D:1)
  6 bats
  4 goblins
  5 hobgoblins (D:1)
  4 jackals (D:1)
  A quokka (D:2)
  2 ball pythons
  6 giant cockroaches
  2 giant newts (D:1)
  4 kobolds (D:1)
  5 rats
40 creatures vanquished.

Notes
Turn   | Place    | Note
--------------------------------------------------------------
     0 | D:1      | ztt, the Vampire Necromancer, began the quest for the Orb.
     0 | D:1      | Reached XP level 1. HP: 13/13 MP: 3/3
   214 | D:1      | Reached XP level 2. HP: 13/19 MP: 0/4
   376 | D:1      | Reached skill level 5 in Necromancy
   495 | D:1      | Reached XP level 3. HP: 16/24 MP: 4/6
   965 | D:1      | Learned a level 3 spell: Vampiric Draining
  1008 | D:2      | Found a shattered altar of Ashenzari.
  1170 | D:2      | Noticed Ijyb
  1178 | D:2      | Killed from afar by Ijyb

Action                   || total
-------------------------++-------
Melee: Unarmed           ||     1
       Whip              ||     4
       Short sword       ||    29
 Cast: Pain              ||    34
 Stab: Sleeping          ||     2
